 Dungeon Crawl Stone Soup version bcrawl-1.19.2-6-g6a88ae04c9 (webtiles) character file.

Game seed: 16000351894838673957

162379 Mrkan the Bludgeoner (level 16, -23/223 HPs)
             Began as a Minotaur Fighter on Dec 28, 2019.
             Was the Champion of Ashenzari.
             Killed from afar by Nikola (37 damage)
             ... with a bolt of lightning
             ... on level 1 of the Snake Pit.
             The game lasted 00:58:13 (29903 turns).

Mrkan the Bludgeoner (Minotaur Fighter)            Turns: 29903, Time: 00:58:14

Health: -23/223    AC: 34    Str: 31    XL:     16   Next: 96%
Magic:  15/15      EV: 17    Int:  5    God:    Ashenzari [******]
Gold:   1776       SH: 31    Dex: 18    Spells: 15/15 levels left

rFire    + . .     SeeInvis +   G - +7 morningstar "Saimp" {freeze, rPois Dex+3} (curse)
rCold    . . .     Gourm    .   T - +2 large shield (curse)
rNeg     . . .     Faith    .   h - +1 plate armour {rF+} (curse)
rPois    +         Spirit   .   (helmet restricted)
rElec    .         Reflect  +   u - +1 cloak (curse)
rCorr    .         Harm     .   w - +0 pair of gloves of Liberty {+Fly Str+3} (curse)
MR       ++...     Clarity  +   a - +2 pair of boots (curse)
Stlth    ..........             M - +5 amulet of reflection (curse)
HPRegen  0.47/turn              p - +6 ring of protection
MPRegen  0.14/turn              O - ring of protection from magic

@: berserking, very quick
A: retaliatory headbutt, horns 2
}: 1/15 runes: decaying
a: Curse Item, Scrying, Transfer Knowledge, Renounce Religion, Evoke Flight


You were on level 1 of the Snake Pit.
You worshipped Ashenzari.
Ashenzari was exalted by your worship.
You were not hungry.

You visited 5 branches of the dungeon, and saw 23 of its levels.
You visited 1 bazaar.
You also visited: Sewer, Bailey and Volcano.

You collected 2658 gold pieces.
You spent 882 gold pieces at shops.

Inventory:

Hand Weapons
 G - the cursed +7 morningstar "Saimp" (weapon) {freeze, rPois Dex+3}
   (You acquired it on level 6 of the Lair of Beasts)

   It has been specially enchanted to freeze those struck by it, causing extra
   injury to most foes and up to half again as much damage against particularly
   susceptible opponents.
   It can also slow down cold-blooded creatures.
   It affects your dexterity (+3).
   It protects you from poison.
   It has a curse placed upon it.
Armour
 a - a cursed +2 pair of boots (worn)
 h - a cursed +1 plate armour of fire resistance (worn)
 u - a cursed +1 cloak (worn)
 w - the cursed +0 pair of gloves of Liberty (worn) {+Fly Str+3}
   (You found it on level 4 of the Dungeon)

   It affects your strength (+3).
   It lets you fly.
   It has a curse placed upon it.
 T - a cursed +2 large shield (worn)
Jewellery
 p - a +6 ring of protection (left hand)
 v - an uncursed ring of protection from cold
 F - the ring "Vaudd" {+Blink rF+ MR+ Str-5 Int+4}
   (You found it on level 6 of the Lair of Beasts)

   [ring of intelligence]

   It affects your strength (-5).
   It affects your intelligence (+4).
   It protects you from fire.
   It affects your resistance to hostile enchantments.
   It lets you blink.
 M - a cursed +5 amulet of reflection (around neck)
 O - a ring of protection from magic (right hand)
 P - an uncursed ring of protection from fire
Wands
 t - a wand of iceblast (31)
 y - a wand of digging (11)
 D - a wand of paralysis (11)
 R - a wand of disintegration (38)
 W - a wand of flame (42)
Scrolls
 c - 2 scrolls of fog
 e - 6 scrolls of fear
 g - 3 scrolls of teleportation
 i - a scroll of blinking
 n - 9 scrolls of enchant weapon
 q - 15 scrolls of identify
 r - 2 scrolls of immolation
 B - 11 scrolls of remove curse
 C - a scroll of vulnerability
 H - a scroll of acquirement
 N - 5 scrolls of amnesia
 S - a scroll of torment
 X - a scroll of silence
 Y - 2 scrolls of brand weapon
Potions
 b - 13 potions of curing
 d - 7 potions of might
 j - 3 potions of berserk rage
 m - 8 potions of haste
 o - 4 potions of flight
 s - 5 potions of agility
 A - 4 potions of brilliance
 E - 3 potions of lignification
 I - 2 potions of resistance
 J - a potion of ambrosia
 V - a potion of magic
Miscellaneous
 k - a lightning rod (4/4)
Comestibles
 f - 47 rations {!d}


   Skills:
 + Level 15.1 Fighting
 + Level 18.9(22.5) Maces & Flails
 + Level 15.1(19.1) Armour
 + Level 13.7 Dodging
 * Level 16.6(19.1) Shields


You had 15 spell levels left.
You didn't know any spells.
Your spell library contained the following spells:

 Spells                   Type           Power        Failure   Level  Hunger
 Beastly Appendage        Tmut           #.....       99%         1    ##.....
 Flame Tongue             Conj/Fire      #....        99%         1    ##.....
 Magic Dart               Conj           #...         99%         1    ##.....
 Sting                    Conj/Pois      #...         99%         1    ##.....
 Blink                    Tloc           N/A          100%        2    ###....
 Call Imp                 Summ           #.....       100%        2    ###....
 Flaming Arrows           Chrm/Fire      #.......     100%        2    ###....
 Poisonous Vapours        Pois/Air       #.....       100%        2    ###....
 Sticks to Snakes         Tmut           #.......     100%        2    ###....
 Conjure Flame            Conj/Fire      #.......     100%        3    ####...
 Ignite Poison            Fire/Tmut/Pois #.......     100%        3    ####...
 Inner Flame              Hex/Fire       N/A          100%        3    ####...
 Mephitic Cloud           Conj/Pois/Air  #.......     100%        3    ####...
 Spider Form              Tmut/Pois      #..          100%        3    ####...
 Ice Form                 Ice/Tmut       #.......     100%        4    #####..
 Olgreb's Toxic Radiance  Pois           #.......     100%        4    #####..
 Sticky Flame             Conj/Fire      #.......     100%        4    #####..
 Summon Scorpions         Summ/Pois      #.......     100%        4    #####..
 Blade Hands              Tmut           #.........   100%        5    ######.
 Fireball                 Conj/Fire      #.........   100%        5    ######.
 Venom Bolt               Conj/Pois      #.........   100%        5    ######.


Dungeon Overview and Level Annotations

Branches:
Dungeon (12/12)            Temple (0/1) D:7            Lair (6/6) D:8
  Swamp (3/3) Lair:4        Snake (1/3) Lair:4        Slime (0/5) Lair:5
    Orc (1/1) D:8             Elf (0/3) Orc          Vaults (0/3) D:11
 Depths (0/5) D:12

Altars:
Ashenzari
Dithmenos
Fedhas
Gozag
Hepliaklqana
Kikubaaqudgha
Lugonu
Nemelex Xobeh
Ru
Sif Muna
Trog
Uskayaw
Vehumet
Wu Jian
Zin
The Shining One
Beogh
Jiyva

Shops:
D:4 !*[*   D:5 [   D:7 !   D:9 =   Orc ([*=

Portals:
Trove: D:12 (give +5 demon whip)

Annotations:
D:5 1 runed door
Lair:6 1 runed translucent door, Banto's ghost, journeyman DrTm
Snake:1 Nikola


Innate Abilities, Weirdness & Mutations

You reflexively headbutt those who attack you in melee.
You have a pair of horns on your head.


Message History

Nikola casts a spell at you. The bolt of lightning hits you! x2
You hit Nikola. You freeze Nikola. You headbutt Nikola!
Nikola is lightly wounded.
Nikola closely misses you.
Okay, then.
A red film seems to cover your vision as you go berserk!
You feel yourself moving faster!
You feel mighty!
Nikola points at you and mumbles some strange words.
The bolt of lightning hits you!
* * * LOW HITPOINT WARNING * * *
The bolt of lightning hits you!
* * * LOW HITPOINT WARNING * * *
You sock Nikola! You freeze Nikola. Your headbutt misses Nikola.
Nikola is moderately wounded.
You beat Nikola like a drum!!!
You freeze Nikola!
Nikola is heavily wounded.
Nikola gestures at you while chanting. The bolt of lightning misses you.
The bolt of lightning hits you!
You die...

##........##
###........... ###
##.#........... #..
##.............. #.#
#...#...........
#..##.<##...........
*#.....###..........
##....# #..........
#@..#####.........
##@....###.........
#..###..###...)...#
##.## ##...##....###
#..# ###..#...##
##### ##.## ##...###
#...#### #..#
###..### ###....###
##.## ##...##
###....###..#
###..##


You could see Nikola.

Vanquished Creatures
  A tentacled monstrosity (Swamp:2)
  Frances (Swamp:1)
  5 thorn hunters
  Kirke (Lair:3)
  A fire giant (D:12)
  An orc warlord (Orc)
  Aizul (Snake:1)
  A red draconian (Volcano)
  2 anacondas (Snake:1)
  21 hydras
  7 vault guards (D:11)
  A catoblepas (Lair:6)
  5 shambling mangroves
  A ghost crab (Swamp:1)
  4 two-headed ogres
  A tengu warrior (D:10)
  2 centaur warriors
  An orc high priest (Orc)
  A queen ant (Lair:4)
  20 alligators
  A spriggan berserker (Swamp:2)
  4 shock serpents (Snake:1)
  5 spriggan druids
  2 salamander mystics
  A naga ritualist (Snake:1)
  8 swamp dragons
  Pikel (D:9)
  A deep elf mage (D:12)
  A cyclops (Orc)
  3 orc knights (Orc)
  2 orc sorcerers (Orc)
  2 ugly things
  A manticore (D:10)
  8 salamanders
  13 black mambas
  10 elephants
  A naga mage (Snake:1)
  A guardian serpent (Snake:1)
  Maurice (Orc)
  A gargoyle (D:9)
  19 cane toads
  4 centaur skeletons
  3 rime drakes
  2 komodo dragons
  2 tengu conjurers (D:12)
  A guardian mummy (D:12)
  2 freezing wraiths (D:12)
  5 polar bears
  8 trolls
  Prince Ribbit (D:6)
  A meliai (shapeshifter) (D:12)
  3 tyrant leeches (Swamp:2)
  15 hornets
  7 dream sheep
  6 bog bodies
  8 blink frogs
  27 slime creatures
  11 hippogriffs
  24 spriggans
  A shadow (D:12)
  41 yaks
  A wraith (D:12)
  3 basilisks
  4 hogs (Lair:3)
  A steam dragon (Lair:2)
  4 vampire mosquitoes
  7 nagas
  16 soldier ants
  2 wargs (Orc)
  11 crocodiles
  4 insubstantial wisps (Swamp:1)
  13 swamp worms
  13 water moccasins
  12 swamp drakes
  16 porcupines
  A sky beast (D:11)
  5 black bears
  A necrophage (D:5)
  A slave (D:9)
  3 phantoms
  22 orc warriors
  3 ice beasts (D:8)
  6 ogres
  7 boggarts
  27 wolves
  2 centaurs
  6 bullfrogs
  3 big kobolds
  A water moccasin skeleton (D:8)
  3 scorpions
  8 wights
  28 killer bees
  An electric eel (Lair:1)
  2 centaur zombies
  3 crimson imps
  2 quasits
  A bullfrog zombie (D:4)
  2 gnoll shamans
  9 hounds
  16 jellies
  11 orc wizards
  11 orc priests
  6 bullfrog skeletons
  8 iguanas
  Terence (D:2)
  Natasha (thrice) (D:4)
  44 worker ants
  10 hell rats (Lair:2)
  A worker ant zombie (D:9)
  16 gnolls
  11 adders
  17 river rats
  5 oozes
  An adder zombie (D:8)
  4 worms
  A dart slug (D:1)
  2 leopard geckos
  39 orcs
  2 bat zombies (D:9)
  7 giant cockroaches
  3 goblins
  6 hobgoblins
  4 jackals (D:3)
  36 kobolds
  10 quokkas
  5 ball pythons
  6 bats
  2 frilled lizards (D:1)
  36 rats
  2 briar patches (Swamp:3)
  2 fungi
918 creatures vanquished.

Vanquished Creatures (others)
  A swamp dragon (Swamp:3)
  3 hornets (Swamp:3)
  2 spriggans (Swamp:3)
  A vampire mosquito (Swamp:3)
  3 swamp drakes
  2 slaves (D:9)
  7 boggarts
  An orc priest (D:9)
  A river rat (Lair:2)
  An orc (D:9)
  10 kobolds (Bailey)
  4 briar patches (Swamp:3)
  64 fungi
  44 plants
  2 withered plants (Lair:6)
146 creatures vanquished.

Grand Total: 1064 creatures vanquished

Notes
Turn   | Place    | Note
-------+----------+-------------------------------------------
     0 | D:1      | Mrkan the Minotaur Fighter began the quest for the Orb.
     0 | D:1      | Reached XP level 1. HP: 19/19 MP: 0/0
    23 | D:1      | Reached XP level 2. HP: 23/27 MP: 1/1
   252 | D:1      | Reached skill level 3 in Maces & Flails
   294 | D:1      | Found a shattered altar of Ashenzari.
   476 | D:1      | Reached skill level 1 in Dodging
   537 | D:1      | Became a worshipper of Ashenzari the Shackled
   611 | D:1      | Reached XP level 3. HP: 33/33 MP: 2/2
   996 | D:2      | Noticed Terence
  1002 | D:2      | Killed Terence
  1034 | D:2      | Reached XP level 4. HP: 8/40 MP: 3/3
  1455 | D:2      | Reached * piety under Ashenzari
  1868 | D:3      | Reached skill level 4 in Maces & Flails
  1880 | D:3      | Reached XP level 5. HP: 24/46 MP: 4/4
  2125 | D:3      | Found an opulent altar of Gozag.
  2237 | D:3      | Found a radiant altar of Vehumet.
  2462 | D:4      | Found Ykhac's Armour Boutique.
  2462 | D:4      | Found Dadagaecw's Assorted Antiques.
  2477 | D:4      | Found Ruhehei's Distillery.
  2478 | D:4      | Noticed Natasha
  2484 | D:4      | Killed Natasha
  2486 | D:4      | Noticed Natasha
  2497 | D:4      | Killed Natasha
  2560 | D:4      | Bought a potion of heal wounds for 70 gold pieces
  2560 | D:4      | Bought a potion of curing for 42 gold pieces
  2616 | D:4      | Noticed an ogre
  2624 | D:4      | Killed an ogre
  2624 | D:4      | Reached skill level 5 in Maces & Flails
  2624 | D:4      | Reached XP level 6. HP: 36/53 MP: 5/5
  2643 | D:4      | Noticed Natasha
  2651 | D:4      | Killed Natasha
  2712 | D:4      | Reached skill level 5 in Armour
  2712 | D:4      | Reached skill level 5 in Shields
  2809 | D:4      | Reached ** piety under Ashenzari
  2912 | D:4      | Reached skill level 5 in Fighting
  2912 | D:4      | Reached XP level 7. HP: 55/61 MP: 6/6
  2962 | D:4      | Found Nyboh's General Store.
  2994 | D:4      | Found a blossoming altar of Fedhas.
  3020 | D:4      | Reached skill level 6 in Maces & Flails
  3028 | D:4      | Got the cursed pair of gloves of Liberty {+Fly Str+3}
  3106 | D:4      | Identified the cursed +0 pair of gloves of Liberty {+Fly
                  | Str+3} (You found it on level 4 of the Dungeon)
  3115 | D:4      | Found a bloodstained altar of Trog.
  3186 | D:5      | Entered Level 5 of the Dungeon
  3316 | D:5      | Found a hazy altar of Hepliaklqana.
  3344 | D:5      | Found a corrupted altar of Lugonu.
  3371 | D:5      | Noticed a +0 dagger
  3372 | D:5      | Noticed a +0 hand axe
  3385 | D:5      | Found a hide-covered altar of Uskayaw.
  3570 | D:5      | Found a glowing golden altar of the Shining One.
  3622 | D:5      | Found a runed door.
  3631 | D:5      | Found a runed door.
  3651 | D:5      | Reached XP level 8. HP: 69/69 MP: 7/7
  3662 | D:5      | Reached skill level 7 in Maces & Flails
  3903 | D:5      | Found a shadowy altar of Dithmenos.
  3982 | D:5      | Found Yleviy's Antique Armour Shoppe.
  4232 | D:6      | Reached skill level 8 in Maces & Flails
  4433 | D:6      | Noticed Prince Ribbit
  4520 | D:6      | Found a glowing drain.
  4579 | Sewer    | Entered a sewer
  4852 | Sewer    | Reached XP level 9. HP: 78/78 MP: 8/8
  4994 | Sewer    | Reached skill level 5 in Dodging
  5365 | D:6      | Killed Prince Ribbit
  5587 | D:7      | Reached skill level 9 in Maces & Flails
  5699 | D:7      | Found a sparkling altar of Nemelex Xobeh.
  5998 | D:7      | Found a staircase to the Ecumenical Temple.
  6296 | D:7      | Found Roibirpha's Distillery.
  6304 | D:7      | Bought a potion of lignification for 48 gold pieces
  6329 | D:7      | Reached *** piety under Ashenzari
  6463 | D:8      | Found a staircase to the Orcish Mines.
  6497 | D:8      | Found a glowing silver altar of Zin.
  6556 | D:8      | Reached skill level 10 in Maces & Flails
  6817 | D:8      | Reached XP level 10. HP: 71/88 MP: 3/9
  6977 | D:8      | Noticed a two-headed ogre
  6984 | D:8      | Reached skill level 11 in Maces & Flails
  6993 | D:8      | Killed a two-headed ogre
  7158 | D:8      | Found a staircase to the Lair.
  7310 | D:8      | Noticed a centaur warrior
  7326 | D:8      | Killed a centaur warrior
  7571 | D:8      | Found a shimmering blue altar of Sif Muna.
  7849 | D:9      | Reached XP level 11. HP: 94/97 MP: 3/10
  7941 | D:9      | Reached skill level 12 in Maces & Flails
  8071 | D:9      | Found Butiot's Jewellery Shop.
  8349 | D:9      | Found an ornate altar of the Wu Jian Council.
  8527 | D:9      | Noticed Pikel
  8549 | D:9      | Killed Pikel
  8666 | D:9      | Noticed a two-headed ogre
  8672 | D:9      | Killed a two-headed ogre
  8797 | D:9      | Found an ancient bone altar of Kikubaaqudgha.
  9067 | Lair:1   | Entered Level 1 of the Lair of Beasts
  9271 | Lair:1   | Reached **** piety under Ashenzari
  9736 | Lair:1   | Noticed a six-headed hydra
  9747 | Lair:1   | Killed a six-headed hydra
  9747 | Lair:1   | Reached skill level 10 in Shields
  9777 | Lair:1   | Reached skill level 13 in Maces & Flails
  9779 | Lair:1   | Reached skill level 10 in Fighting
  9779 | Lair:1   | Reached skill level 10 in Armour
 10076 | Lair:1   | Noticed a four-headed hydra
 10086 | Lair:1   | Killed a four-headed hydra
 10434 | Lair:2   | Reached XP level 12. HP: 102/106 MP: 3/11
 10650 | Lair:2   | Reached ***** piety under Ashenzari
 11629 | Lair:3   | Noticed a four-headed hydra
 11642 | Lair:3   | Killed a four-headed hydra
 11677 | Lair:3   | Reached skill level 14 in Maces & Flails
 11862 | Lair:3   | Identified the cursed +2 flail of Reason {freeze, rF-
                  | Str+5}
 11972 | Lair:3   | Noticed Kirke
 12019 | Lair:3   | Killed Kirke
 12332 | Lair:4   | Found a staircase to the Snake Pit.
 12518 | Lair:4   | Noticed a four-headed hydra
 12529 | Lair:4   | Killed a four-headed hydra
 12533 | Lair:4   | Found a staircase to the Swamp.
 12705 | Lair:4   | Reached skill level 10 in Dodging
 12710 | Lair:4   | Reached XP level 13. HP: 108/116 MP: 4/12
 13202 | Lair:4   | Reached skill level 15 in Maces & Flails
 14588 | Lair:5   | Found a viscous altar of Jiyva.
 14590 | Lair:5   | Found a staircase to the Slime Pits.
 14658 | Lair:5   | Found an opulent altar of Gozag.
 14886 | Lair:5   | Reached ****** piety under Ashenzari
 15850 | Lair:6   | Entered Level 6 of the Lair of Beasts
 15850 | Lair:6   | Found a sacrificial altar of Ru.
 15896 | Lair:6   | Found a runed translucent door.
 15897 | Lair:6   | Noticed Banto's ghost (journeyman DrTm)
 16051 | Lair:6   | Reached skill level 16 in Maces & Flails
 16227 | Lair:6   | HP: 4/118 [cane toad[a boggart] (5)]
 16692 | Lair:5   | Reached XP level 14. HP: 88/127 MP: 4/13
 17107 | Lair:6   | Identified the ring "Vaudd" {+Blink rF+ MR+ Str-5 Int+4}
 17132 | Lair:6   | Identified a scroll of acquirement
 17141 | Lair:6   | Identified the cursed +7 morningstar "Saimp" {freeze, rPois
                  | Dex+3} (You acquired it on level 6 of the Lair of Beasts)
 18085 | Orc      | Entered the Orcish Mines
 18117 | Orc      | Found a bloodstained altar of Trog.
 18202 | Orc      | Noticed Maurice
 18209 | Orc      | Noticed an orc warlord
 18213 | Orc      | Killed Maurice
 18220 | Orc      | Found a staircase to the Elven Halls.
 18634 | Orc      | Killed an orc warlord
 18634 | Orc      | Reached skill level 17 in Maces & Flails
 18659 | Orc      | Found a gateway to a bazaar.
 18717 | Orc      | Found a dark tunnel.
 18765 | Volcano  | Entered a volcano
 18787 | Volcano  | Found a radiant altar of Vehumet.
 19145 | Orc      | Found a roughly hewn altar of Beogh.
 19908 | Orc      | Found Hodyehat's General Store.
 20049 | Orc      | Found Nuuzagg's Jewellery Shoppe.
 20071 | Orc      | Bought a +5 amulet of reflection for 494 gold pieces
 20085 | Orc      | Found Aphad's Antique Armour Shoppe.
 20144 | Orc      | Found Bipothri's Antique Weapon Shoppe.
 20282 | Bazaar   | Entered a bazaar
 20309 | Bazaar   | Found Pazutaass's Magic Scroll Shoppe.
 20309 | Bazaar   | Found Haguumay's Antique Armour Emporium.
 20313 | Bazaar   | Bought an encrusted cloak for 228 gold pieces
 20313 | Bazaar   | Identified the +2 cloak "Meom" {rC- Int+3 SInv Stlth+} (You
                  | bought it in a shop in a bazaar)
 20330 | Bazaar   | Found Plog's Weapon Shoppe.
 20501 | D:10     | Entered Level 10 of the Dungeon
 21790 | D:11     | Reached XP level 15. HP: 78/136 MP: 14/14
 21985 | D:11     | Found a gate to the Vaults.
 22309 | D:12     | Entered Level 12 of the Dungeon
 22335 | D:12     | Found a staircase to the Depths.
 22335 | D:12     | Noticed a fire giant
 22336 | D:12     | Found Ywnuck's Book Emporium.
 22375 | D:12     | Killed a fire giant
 22651 | D:12     | Found a flagged portal.
 22682 | Bailey   | Entered a bailey
 22760 | Bailey   | Found an iron altar of Okawaru.
 23139 | D:12     | Found a portal to a secret trove of treasure.
 23614 | Snake:1  | Entered Level 1 of the Snake Pit
 23848 | Snake:1  | Noticed Aizul
 23872 | Snake:1  | Killed Aizul
 23968 | Snake:1  | Reached skill level 18 in Maces & Flails
 24409 | Snake:1  | Identified the +6 hunting sling "Ezuag" {elec, Int+2}
 24466 | Snake:1  | Noticed Nikola
 24766 | Swamp:1  | Entered Level 1 of the Swamp
 25010 | Swamp:1  | Noticed a thorn hunter
 25020 | Swamp:1  | Killed a thorn hunter
 25346 | Swamp:1  | Noticed Frances
 25357 | Swamp:1  | Killed Frances
 25470 | Swamp:1  | Reached skill level 15 in Shields
 25650 | Swamp:1  | Reached XP level 16. HP: 146/146 MP: 15/15
 25760 | Swamp:2  | Noticed a thorn hunter
 25776 | Swamp:1  | Killed a thorn hunter
 26463 | Swamp:2  | Noticed a tentacled monstrosity
 26485 | Swamp:2  | Killed a tentacled monstrosity
 26900 | Swamp:3  | Entered Level 3 of the Swamp
 27131 | Swamp:3  | Noticed a thorn hunter
 27370 | Swamp:3  | Noticed a thorn hunter
 27894 | Swamp:2  | Killed a thorn hunter
 28244 | Swamp:3  | Noticed a thorn hunter
 28827 | Swamp:3  | Reached skill level 15 in Armour
 28832 | Swamp:3  | Reached skill level 15 in Fighting
 28903 | Swamp:3  | Noticed a thorn hunter
 28917 | Swamp:3  | Killed a thorn hunter
 29165 | Swamp:3  | Identified the cursed +0 hand axe of Ancient Evil {speed,
                  | rF+}
 29254 | Swamp:3  | Noticed a thorn hunter
 29264 | Swamp:3  | Killed a thorn hunter
 29455 | Swamp:3  | Got a decaying rune of Zot
 29903 | Snake:1  | Killed from afar by Nikola

Skill      XL: |  1  2  3  4  5  6  7  8  9 10 11 12 13 14 15 16 |
---------------+-------------------------------------------------+-----
Maces & Flails | 3 4 5 6 8 10 11 13 14 16 17 18 | 18.9
Dodging        | 1 2 3 4 6 7 8 10 11 12 13 | 13.7
Fighting       | 4 5 6 7 9 10 11 12 13 14 15 | 15.1
Armour         | 4 5 6 7 9 10 11 12 13 14 15 | 15.1
Shields        | 4 5 6 7 9 10 11 12 13 15 16 | 16.6

Action                   |  1- 3 |  4- 6 |  7- 9 | 10-12 | 13-15 | 16-18 || total
-------------------------+-------+-------+-------+-------+-------+-------++-------
Melee: Flail             |    74 |   107 |   533 |   833 |   754 |       ||  2301
       Headbutt          |    15 |    14 |   118 |   189 |   409 |   117 ||   862
       Morningstar       |       |       |       |       |   746 |   404 ||  1150
Invok: Curse Item        |     2 |       |       |     5 |     1 |     2 ||    10
Evoke: Wand              |       |       |       |       |     1 |       ||     1
  Use: Scroll            |       |       |     8 |     2 |    19 |     4 ||    33
       Potion            |       |       |     1 |     1 |    11 |     5 ||    18
 Stab: Petrifying        |       |       |       |       |     1 |       ||     1
       Confused          |       |       |       |       |     1 |     3 ||     4
  Eat: Chunk             |       |     6 |    14 |    29 |    25 |     3 ||    77
       Ration            |       |       |       |       |     2 |     4 ||     6
Armor: Scale mail        |    11 |       |       |       |       |       ||    11
       Chain mail        |    29 |    55 |   292 |   282 |   329 |       ||   987
       Plate armour      |       |       |       |       |   229 |   330 ||   559
Dodge: Dodged            |    15 |    30 |   215 |   273 |   608 |   290 ||  1431
Block: Shield            |    37 |    65 |   384 |   486 |   907 |       ||  1879
       Reflection        |       |       |       |       |    61 |    25 ||    86
       Large shield      |       |       |       |       |   577 |   778 ||  1355
